 Dungeon Crawl Stone Soup version 0.23.2-40-g277498a (webtiles) character file.

Game seed: 7332710399033706071

65 Fang the Skirmisher (level 4, 0/43 HPs)
             Began as a Gargoyle Berserker on Oct 15, 2019.
             Was a Believer of Trog.
             Slain by a hound (3 damage)
             ... on level 4 of the Dungeon.
             The game lasted 00:03:03 (1130 turns).

Fang the Skirmisher (Gargoyle Berserker)            Turns: 1130, Time: 00:03:04

Health: 0/43       AC:  5    Str: 27    XL:     4   Next: 13%
Magic:  4/4        EV: 12    Int:  7    God:    Trog [**....]
Gold:   223        SH:  0    Dex:  9    Spells: 3/3 levels left

rFire    . . .     SeeInvis .   a - +0 hand axe
rCold    . . .     Gourm    .   (no shield)
rNeg     + . .     Faith    .   b - +0 animal skin
rPois    ∞         Spirit   .   (no helmet)
rElec    +         Reflect  .   (no cloak)
rCorr    +         Harm     .   (no gloves)
MR       .....                  (no boots)
Stlth    ..........             (no amulet)
HPRegen  0.14/turn              e - ring of resist corrosion
MPRegen  0.09/turn              (no ring)

@: berserking (expiring), very quick
A: negative energy resistance 1, electricity resistance, unbreathing,
petrification resistance, rot immunity, AC +3
a: Berserk, Trog's Hand, Renounce Religion


You were on level 4 of the Dungeon.
You worshipped Trog.
Trog was pleased with you.
You were hungry.

You visited 1 branch of the dungeon, and saw 3 of its levels.

You collected 223 gold pieces.

Inventory:

Hand Weapons
 a - a +0 hand axe (weapon)
Armour
 b - a +0 animal skin (worn)
Jewellery
 e - a ring of resist corrosion (left hand)
Scrolls
 d - 2 scrolls of remove curse {unknown}
 g - 3 scrolls of identify {unknown}
 h - 2 scrolls of blinking {unknown}
 k - 2 scrolls of brand weapon {unknown}
 m - 3 scrolls of teleportation {unknown}
Potions
 f - a potion of might {unknown}
 i - a potion of resistance {unknown}
 j - 2 potions of mutation {unknown}
Comestibles
 c - 2 rations
 l - 4 chunks of flesh


   Skills:
 * Level 4.0 Fighting
 * Level 3.2 Axes
 + Level 2.9 Armour
 + Level 2.1 Dodging


You had 3 spell levels left.
You didn't know any spells.
Your spell library was empty.

Dungeon Overview and Level Annotations

Branches:
Dungeon (2/15)

Altars:
Hepliaklqana


Innate Abilities, Weirdness & Mutations

You are resistant to torment.
Your stone body is resilient. (AC +3)
You are immune to poison.
You resist negative energy. (rN+)
You are resistant to electric shocks. (rElec)
You can survive without breathing.
You are immune to petrification.
You are immune to rotting.


Message History

You are too injured to fight recklessly!
A red film seems to cover your vision as you go berserk!
You feel yourself moving faster!
You feel mighty!
You are feeling hungry.
The hound barely misses you. The ogre completely misses you.
The hound bites you.
* * * LOW HITPOINT WARNING * * *
You barely miss the ogre.
The ogre is lightly wounded.
You hit the hound. The hound bites you but does no damage.
You hit the ogre.
The ogre is moderately wounded.
You hit the hound. The ogre barely misses you. The hound closely misses you.
You slash the ogre!
The ogre is severely wounded.
You hit the hound. The hound misses you.
You hit the ogre.
The ogre is almost dead.
You hit the hound. The hound bites you.
You die...

######.#
#......#
##.######
########..#
......h@O##
#######........
#.####### ..#
#.## ._ .#. ..


You could see an ogre and a hound.

Vanquished Creatures
  3 adders (D:2)
  A dart slug (D:1)
  3 bats
  7 goblins
  7 hobgoblins (D:1)
  2 jackals (D:1)
  A quokka (D:2)
  5 kobolds
  7 rats
36 creatures vanquished.

Notes
Turn   | Place    | Note
-------+----------+-------------------------------------------
     0 | D:1      | Fang the Gargoyle Berserker began the quest for the Orb.
     0 | D:1      | Reached XP level 1. HP: 14/14 MP: 1/1
    92 | D:1      | Reached XP level 2. HP: 14/19 MP: 2/2
   486 | D:1      | Reached XP level 3. HP: 23/23 MP: 3/3
   908 | D:2      | Reached XP level 4. HP: 17/29 MP: 4/4
   911 | D:2      | Reached skill level 4 in Fighting
   913 | D:2      | Reached ** piety under Trog
  1118 | D:2      | You fall through a shaft for 2 floors!
  1119 | D:4      | Found a hazy altar of Hepliaklqana.
  1121 | D:4      | Noticed an ogre
  1126 | D:4      | HP: 2/43 [hound (3)]
  1130 | D:4      | Slain by a hound

Skill      XL: |  1  2  3  4 |
---------------+-------------+-----
Axes           | 3 |  3.2
Dodging        | 2 |  2.1
Fighting       | 4 |  4.0
Armour         | |  2.9

Action                   |  1- 3 |  4- 6 || total
-------------------------+-------+-------++-------
Melee: Hand axe          |    98 |    18 ||   116
Invok: Berserk           |     1 |     1 ||     2
  Eat: Chunk             |     1 |     1 ||     2
Armor: Animal skin       |    51 |     6 ||    57
Dodge: Dodged            |    97 |    18 ||   115
